 Dungeon Crawl Stone Soup version 0.32-a0-612-g1c984fe9d1 (webtiles) character file.

Game seed: 5585681746003775709

67 Smoke131 the Trooper (level 4, 0/48 HPs)
             Began as an Oni Gladiator on Mar 5, 2024.
             Incinerated by a bombardier beetle (2 damage)
             ... with a burning spray
             ... on level 2 of the Dungeon.
             The game lasted 00:05:28 (1491 turns).

Smoke131 the Trooper (Oni Gladiator)                Turns: 1491, Time: 00:05:29

Health: 0/48       AC:  3    Str: 18 (20) XL:     4   Next: 18%
Magic:  4/4        EV: 10    Int:  6 (9)  God:
Gold:   151        SH:  0    Dex:  9 (10) Spells: 3/3 levels left

rFire   + . .        a - +0 flail
rCold   + . .        (no shield)
rNeg    . . .        b - +0 robe
rPois   +            c - +0 hat
rElec   +            (no cloak)
rCorr   +            (gloves unavailable)
SInv    .            (boots unavailable)
Will    .....        (no amulet)
Stlth   +            (no ring)
HPRegen 0.28/turn    (no ring)
MPRegen 0.09/turn

%: no passive effects
@: mighty, on fire, resistant, attractive, glowing
A: large, unfitting armour, horns 1, tough skin 1, double potion healing,
drunken brawling
a: no special abilities


You were on level 2 of the Dungeon.
You visited 1 branch of the dungeon, and saw 3 of its levels.

You collected 151 gold pieces.

Inventory:

Hand Weapons
 a - a +0 flail (weapon)
Missiles
 d - 3 throwing nets (quivered)
 e - a large rock
Armour
 b - a +0 robe (worn)
 c - a +0 hat (worn)
Jewellery
 q - a ring of fire
Scrolls
 f - 4 scrolls of teleportation {unknown}
 g - a scroll of vulnerability {unknown}
 l - a scroll of fog {unknown}
 o - 3 scrolls of identify {unknown}
 p - a scroll of fear {unknown}
 r - a scroll of acquirement {unknown}
 t - a scroll of immolation {unknown}
Potions
 h - a potion of resistance
 j - a potion of attraction
 k - a potion of might
 m - a potion of haste {unknown}
 n - 2 potions of heal wounds {unknown}
 s - a potion of magic {unknown}
 u - a potion of brilliance {unknown}


   Skills:
 + Level 3.9 Fighting
 + Level 3.6 Maces & Flails
 + Level 2.8 Throwing
 - Level 3.0 Dodging


You had 3 spell levels left.
You didn't know any spells.
Your spell library was empty.

Dungeon Overview and Level Annotations

Branches:
Dungeon (3/15)

Altars:
Vehumet

Shops:
D:2 *


Innate Abilities, Weirdness & Mutations

You are too large for most types of armour.
You have a pair of small horns on your head.
You have tough skin. (AC +1)
You gain doubled healing and magic from potions.
Whenever you drink a healing potion, you attack all around you.


Message History

A bombardier beetle is nearby!
The bombardier beetle sprays incendiary fluid at you.
The burning spray hits you.
You are covered in liquid fire!
The liquid fire burns you! The liquid fire burns you!
The liquid fire burns you!
The bombardier beetle sprays incendiary fluid at you.
The burning spray hits you.
You are even more covered in liquid fire!
You shake off some of the fire as you move.
You climb upwards.
The liquid fire burns you!
There is a stone staircase leading down here.
You are on fire!
You are on fire!
The liquid fire burns you! The liquid fire burns you!
The liquid fire burns you!
* * * LOW HITPOINT WARNING * * *
The liquid fire burns you!
* * * LOW HITPOINT WARNING * * *
The liquid fire burns you!
* * * LOW HITPOINT WARNING * * *
It was a potion of resistance.
You feel protected. The liquid fire burns you!
* * * LOW HITPOINT WARNING * * *
It was a potion of degeneration.
There was something very wrong with that liquid.
You feel weakened.
You feel dopey.
You feel clumsy. The liquid fire burns you!
* * * LOW HITPOINT WARNING * * *
It was a potion of attraction.
You feel attractive to monsters. The liquid fire burns you!
* * * LOW HITPOINT WARNING * * *
It was a potion of might.
You feel very mighty all of a sudden. The liquid fire burns you!
You die...

#### #.....#.# #..###..........
.# #.....#.# ##'####.......... .#
#.....#.####..%.....†....... .#
#............<..[........... .#
#....##.###.................
.#####....##.# #.................
.##......###.###^................
.##......###...#.................
.##......#......@................
.##......#'##+###................
.##.................####........#
.#######............# #.........
...............<...## #.........
................[..# #.......#.
...................# ##.........
########...........# #..........
#################### #..........


There were no monsters in sight!

Vanquished Creatures
  An adder (D:2)
  A ribbon worm (D:2)
  A dart slug (D:2)
  4 bats
  6 endoplasms
  4 giant cockroaches
  4 goblins
  6 hobgoblins
  7 jackals (D:1)
  2 kobolds
  3 ball pythons
  5 frilled lizards
  4 rats
48 creatures vanquished.

Notes
Turn   | Place    | Note
-------+----------+-------------------------------------------
     0 | D:1      | Smoke131 the Oni Gladiator began the quest for the Orb.
     0 | D:1      | Reached XP level 1. HP: 22/22 MP: 1/1
   158 | D:1      | Reached XP level 2. HP: 31/31 MP: 2/2
   383 | D:1      | Reached XP level 3. HP: 34/37 MP: 3/3
   800 | D:2      | Found Xiocvoz's Assorted Antiques.
  1090 | D:2      | Reached XP level 4. HP: 33/48 MP: 4/4
  1342 | D:2      | Found a radiant altar of Vehumet.
  1352 | D:2      | Identified the +5 falchion of Xoemuy {freeze, Dex+2}
  1474 | D:3      | Found a faded altar of an unknown god.
  1489 | D:2      | HP: 2/48 [burnt (1)]
  1491 | D:2      | Incinerated by a bombardier beetle

Illustrated notes

Levels and vault maps discovered:
D:1:      psy_arrival_whirlpool, layout_basic, minmay_gold_behind_fungi
D:2:      layout_basic, basic_altar, serial_shops, shop, skrybe_limestone_x,
          minmay_misc_feat_rugged, minmay_split_cup_small
D:3:      layout_basic, portal_sewer_entry_a, nicolae_ecumenical_pavilion,
          minmay_rat_hole

Skill      XL: |  1  2 |
---------------+-------+-----
Fighting       | 3 |  3.9
Dodging        | 3 |  3.0
Maces & Flails | |  3.6
Throwing       | |  2.8

Action                     |  1- 3 |  4- 6 || total
---------------------------+-------+-------++-------
  Melee: Flail             |   134 |    10 ||   144
         Headbutt          |    18 |     1 ||    19
    Use: Potion            |       |     4 ||     4
 Armour: Robe              |   118 |     2 ||   120
  Dodge: Dodged            |    98 |     5 ||   103

Table legend: (Time is in decaauts)
 A = Elapsed time spent in this place.
 B = Non-inter-level travel time spent in this place.
 C = Inter-level travel time spent in this place.
 D = Time resting spent in this place.
 E = Time spent auto-exploring this place.
 F = Levels seen in this place.
 G = Mean time per level.
                   A        B        C        D        E       F      G
               +--------+--------+--------+--------+--------+-----+--------+
         Total |   1525 |   1460 |     65 |      0 |    987 |   3 |  508.3 |
       Dungeon |   1525 |   1460 |     65 |      0 |    987 |   3 |  508.3 |
               +--------+--------+--------+--------+--------+-----+--------+

Top non-repeatable levels by time:
     D:2: 786 daAuts
     D:1: 731 daAuts
     D:3: 7 daAuts
